 Dungeon Crawl Stone Soup version 0.22-a0-482-g76e0a5f (webtiles) character file.

3327 Mamutox the Covert (level 9, 0/39 HPs)
             Began as a Spriggan Enchanter on June 17, 2018.
             Was an Initiate of Gozag.
             Succumbed to an orc warrior's poison
             ... on level 9 of the Dungeon.
             The game lasted 00:45:45 (11897 turns).

Mamutox the Covert (Spriggan Enchanter)            Turns: 11897, Time: 00:45:46

Health: 0/39       AC:  2    Str:  4    XL:     9   Next: 71%
Magic:  21/21      EV: 24    Int: 18    God:    Gozag
Gold:   934        SH:  0    Dex: 18    Spells: 11/23 levels left

rFire    . . .     SeeInvis +   a - +1 dagger
rCold    . . .     Gourm    .   (shield restricted)
rNeg     . . .     Faith    .   l - +0 robe
rPois    .         Spirit   .   (helmet restricted)
rElec    .         Reflect  .   (no cloak)
rCorr    .         Harm     .   (gloves unavailable)
MR       +....                  (boots unavailable)
Stlth    +++++.....             x - amulet of the acrobat
HPRegen  0.13/turn              (no ring)
MPRegen  0.17/turn              (no ring)

@: lethally poisoned (0 -> -23), very quick
A: very small, unfitting armour, see invisible, herbivore, speed 3, slow
metabolism 2
a: Potion Petition, Call Merchant, Bribe Branch, Renounce Religion


You were on level 9 of the Dungeon.
You worshipped Gozag.
Gozag was pleased with you.
You were hungry.

You visited 2 branches of the dungeon, and saw 11 of its levels.

You collected 995 gold pieces.
You paid 61 gold pieces to Gozag.

Inventory:

Hand Weapons
 a - a +1 dagger (weapon)
 b - a +0 blowgun
 K - a +0 hunting sling
Missiles
 g - 25 poisoned needles
 p - 79 sling bullets
 s - 20 tomahawks (quivered)
 u - 4 poisoned tomahawks
 D - 90 arrows
 J - 6 needles of frenzy
Armour
 l - a +0 robe (worn)
Jewellery
 w - an uncursed ring of ice
 x - an amulet of the acrobat (around neck)
 H - a cursed ring of loudness {unknown}
Wands
 z - a wand of acid (10)
 A - a wand of polymorph (14)
Scrolls
 c - 2 scrolls of fear {unknown}
 i - 11 scrolls of identify
 m - a scroll of fog {unknown}
 n - a scroll of magic mapping {unknown}
 o - a scroll of amnesia {unknown}
 r - 3 scrolls of teleportation
 t - 2 scrolls of noise {unknown}
 v - a scroll of immolation {unknown}
 y - a scroll of torment {unknown}
 B - 2 scrolls of random uselessness {unknown}
 E - 3 scrolls of remove curse
 I - a scroll of enchant armour {unknown}
Potions
 e - a potion of ambrosia {unknown}
 f - a potion of brilliance {unknown}
 h - 2 potions of curing {unknown}
 j - a potion of invisibility {unknown}
 k - 3 potions of heal wounds {unknown}
 q - 2 potions of haste {unknown}
 C - 3 potions of experience {unknown}
 F - a potion of berserk rage {unknown}
 G - 2 potions of resistance {unknown}
Comestibles
 d - 8 rations


   Skills:
 + Level 6.4 Short Blades
 - Level 1.7 Throwing
 + Level 7.8 Dodging
 + Level 10.4 Stealth
 + Level 7.5 Spellcasting
 - Level 2.0 Conjurations
 - Level 7.7 Hexes
 - Level 1.0 Ice Magic
 * Level 3.6 Evocations


You had 11 spell levels left.
You knew the following spells:

 Your Spells              Type           Power        Failure   Level  Hunger
a - Corona                Hex            ####...      1%          1    None
b - Tukima's Dance        Hex            ####....     1%          3    #......
c - Confuse               Hex            ####....     1%          3    #......
v - Dazzling Spray        Conj/Hex       ###...       4%          3    #......
x - Ensorcelled Hibernat  Hex/Ice        ###...       2%          2    None

Your spell library contained the following spells:

 Spells                   Type           Power        Failure   Level  Hunger
 Spider Form              Tmut/Pois      #.........   30%         3    #......
 Blade Hands              Tmut           #.........   96%         5    #####..
 Ice Form                 Ice/Tmut       #.......     63%         4    ###....
 Sticks to Snakes         Tmut           #.......     16%         2    None
 Beastly Appendage        Tmut           #.....       11%         1    None


Dungeon Overview and Level Annotations

Branches:
Dungeon (10/15)            Temple (1/1) D:4
   Lair: D:8-11         Orc: D:9-12

Altars:
Ashenzari
Cheibriados
Dithmenos
Elyvilon
Fedhas
Gozag
Hepliaklqana
Kikubaaqudgha
Makhleb
Nemelex Xobeh
Okawaru
Qazlal
Ru
Sif Muna
Trog
Uskayaw
Vehumet
Wu Jian
Xom
Yredelemnul
Zin

Shops:
D:6 }


Innate Abilities, Weirdness & Mutations

You are very small and have problems with some larger weapons.
You are too small for most types of armour.
You have supernaturally acute eyesight. (SInv)
You are a herbivore.
You cover ground extremely quickly.
You need to consume almost no food.


Message History

You climb upwards.
There is a stone staircase leading down here.
You start resting.
You feel sick. x4
Your magical contamination has completely faded away.
You start resting.
You feel sick. x3
You are no longer poisoned.
You start resting.
Magic restored.
You start resting.
HP restored.
You climb downwards.
The orc barely misses you.
The orc warrior hits you with a hand axe of venom!!
Ouch! That really hurt!
You are lethally poisoned!
There is a stone staircase leading up, spattered with blood here.
You feel sick. The orc misses you.
The orc warrior hits you with a hand axe of venom!
* * * LOW HITPOINT WARNING * * *
You climb upwards.
You die...
Your body crumbles into a pile of gold.

...# #.# #...#.# #..# #..# ...#
#.# ##..#.# #..# #..# ...# #.#
#..#.# #..# #..# #.## #.# #..#.##
#..####..#
#.########.#####....####.........
...<......................####..#
#..#######.#.###....#####...##..#
#..# #.#.# #o...# #...##..# #..#
#.#.# #@...# #...##..# #..#
###.#.# #o#.## #...##..#
#..#####....)###.#.######.......#
................................#
#.####.....#.....#.######..._...#
#.# #######.....#.##...........#
#.# #.....#...............
#.##############.#.......≈≈.....#
#.......................≈≈.......


You could see an orc warrior and an orc.

Vanquished Creatures
  The ghost of ThereIsNoGod the Grappler, a novice DrTm of Cheibriados (D:7)
  Sigmund (D:4)
  A wyvern (D:7)
  An orc warrior (D:6)
  2 sky beasts
  3 ogres
  3 phantoms
  A necrophage (D:7)
  A crocodile (D:8)
  A big kobold (D:7)
  A bullfrog (D:7)
  A scorpion (D:7)
  5 killer bees (D:9)
  5 wights (D:10)
  2 bullfrog zombies
  3 crimson imps (D:7)
  A centaur zombie (D:6)
  2 hounds (D:6)
  3 jellies
  An orc wizard (D:10)
  A bullfrog skeleton (D:7)
  3 iguanas
  4 worker ants
  2 hound skeletons (D:6)
  A worker ant zombie (D:7)
  6 gnolls
  8 adders
  A shadow imp (D:10)
  3 oozes
  An adder skeleton (D:7)
  3 worms
  A dart slug (D:1)
  5 leopard geckos
  25 orcs
  10 bats
  6 giant cockroaches
  7 hobgoblins
  7 jackals
  5 kobolds
  4 quokkas
  3 ball pythons
  6 frilled lizards
  11 goblins
  A jackal skeleton (D:4)
  2 leopard gecko skeletons
  A quokka skeleton (D:8)
  9 rats
175 creatures vanquished.

Notes
Turn   | Place    | Note
-------+----------+-------------------------------------------
     0 | D:1      | Mamutox the Spriggan Enchanter began the quest for the Orb.
     0 | D:1      | Reached XP level 1. HP: 9/9 MP: 5/5
   505 | D:1      | Reached skill level 5 in Stealth
   505 | D:1      | Reached XP level 2. HP: 6/13 MP: 3/6
   509 | D:1      | Learned a level 2 spell: Ensorcelled Hibernation
  1159 | D:1      | Reached XP level 3. HP: 10/16 MP: 3/8
  1315 | D:1      | Reached skill level 1 in Ice Magic
  2159 | D:2      | Found a white marble altar of Elyvilon.
  2160 | D:2      | Found a shimmering altar of Xom.
  2302 | D:2      | Reached XP level 4. HP: 21/21 MP: 3/10
  2553 | D:3      | Learned a level 3 spell: Confuse
  3079 | D:3      | Reached XP level 5. HP: 21/24 MP: 6/12
  3263 | D:3      | Reached skill level 6 in Stealth
  3948 | D:4      | Found a snail-covered altar of Cheibriados.
  4013 | D:4      | Noticed Sigmund
  4036 | D:4      | Killed Sigmund
  4036 | D:4      | Reached skill level 5 in Spellcasting
  4036 | D:4      | Reached skill level 5 in Hexes
  4036 | D:4      | Reached XP level 6. HP: 28/28 MP: 10/15
  4576 | D:4      | Reached skill level 7 in Stealth
  4708 | D:4      | Reached XP level 7. HP: 32/32 MP: 16/16
  5127 | D:4      | Found a staircase to the Ecumenical Temple.
  5133 | Temple   | Entered the Ecumenical Temple
  5340 | Temple   | Became a worshipper of Gozag Ym Sagoz the Greedy
  5498 | D:5      | Entered Level 5 of the Dungeon
  6540 | D:6      | Found a sparkling altar of Nemelex Xobeh.
  6871 | D:6      | Reached skill level 1 in Throwing
  7283 | D:6      | Found Siotiot's Gadget Boutique.
  7795 | D:6      | Learned a level 3 spell: Tukima's Dance
  7825 | D:6      | Reached XP level 8. HP: 36/36 MP: 6/19
  7964 | D:6      | Learned a level 3 spell: Dazzling Spray
  8065 | D:7      | Noticed ThereIsNoGod's ghost (novice DrTm)
  8332 | D:7      | Reached skill level 1 in Conjurations
  8500 | D:7      | Reached skill level 8 in Stealth
  8564 | D:7      | Reached skill level 5 in Dodging
  9013 | D:7      | Reached skill level 5 in Short Blades
  9013 | D:7      | Reached skill level 9 in Stealth
  9086 | D:7      | Found a blossoming altar of Fedhas.
  9473 | D:7      | Found a stormy altar of Qazlal.
  9476 | D:7      | Noticed an air elemental
  9844 | D:8      | Reached XP level 9. HP: 39/39 MP: 12/20
  9851 | D:8      | Found a radiant altar of Vehumet.
 10564 | D:7      | Found an ancient bone altar of Kikubaaqudgha.
 10634 | D:7      | Killed ThereIsNoGod's ghost
 10634 | D:7      | Reached skill level 10 in Stealth
 10714 | D:9      | Reached skill level 1 in Evocations
 10837 | D:9      | Found a shattered altar of Ashenzari.
 11120 | D:10     | Entered Level 10 of the Dungeon
 11897 | D:9      | Succumbed to an orc warrior's poison

Vault maps used:
D:1:      saegor_arrival_simple_a, wad_woods_river_04
D:2:      gammafunk_temple_overflow_statue, kennysheep_generic_room_6
D:3:      kennysheep_boxes
D:4:      lemuel_coloured_pillars_altar, minmay_temple_entry_fiery,
          serial_forest, infiniplex_forest_3_way, infiniplex_forest_straight_4,
          infiniplex_forest_clump_curved, infiniplex_forest_clump_medium,
          infiniplex_forest_clump_long, infiniplex_forest_clump_C,
          infiniplex_forest_3_way, minmay_distorted, uniq_sigmund
D:5:      first_ration
D:6:      serial_shops, shop, serial_bayou_pond_e,
          nemelex_xobeh_ov_fountains_minmay
D:7:      grunt_temple_overflow_growth_and_decay,
          nicolae_qazlal_style_of_elements, minmay_misc_feat_pillars
D:8:      vehumet_crystals
D:9:      basic_altar
D:10:     lair_entry_dummy, serial_curves, eino_curves_04, eino_curves_02,
          eino_curves_02
Temple:   regret_index_temple_generic_petals

Skill      XL: |  1  2  3  4  5  6  7  8  9 |
---------------+----------------------------+-----
Stealth        | 5 6 7 9 10 | 10.4
Spellcasting   | 3 4 5 6 7 |  7.5
Hexes          | 4 5 7 |  7.7
Ice Magic      | 1 |  1.0
Short Blades   | 2 3 5 6 |  6.4
Throwing       | 1 |  1.7
Dodging        | 4 6 7 |  7.8
Conjurations   | 2 |  2.0
Evocations     | 3 |  3.6

Action                   |  1- 3 |  4- 6 |  7- 9 || total
-------------------------+-------+-------+-------++-------
Melee: Dagger            |   134 |    94 |   247 ||   475
 Cast: Corona            |     8 |       |       ||     8
       Ensorcelled Hiber |    34 |    41 |    76 ||   151
       Confuse           |       |    13 |    59 ||    72
       Tukima's Dance    |       |       |     2 ||     2
       Dazzling Spray    |       |       |     3 ||     3
  Use: Scroll            |       |       |     5 ||     5
 Stab: Sleeping          |    29 |    34 |    57 ||   120
       Confused          |       |     7 |    29 ||    36
  Eat: Ration            |     1 |     2 |     4 ||     7
Armor: Robe              |    12 |     4 |    10 ||    26
Dodge: Dodged            |   121 |    41 |   115 ||   277

Table legend:
 A = Spawn XP
 B = Non-spawn XP
 C = Spawn XP percentage of total XP
 D = Spawn monster count
 E = Non-spawn monster count
 F = Spawn count percentage of total count
 G = Total turns spent on level
                    A         B        C        D         E        F      G
               +---------+---------+-------+---------+---------+-------+---------
         Total |       0 |    4754 |   0.0 |       0 |     175 |   0.0 | 11897
               +---------+---------+-------+---------+---------+-------+---------
           D:1 |       0 |      59 |   0.0 |       0 |      33 |   0.0 |  1850
           D:2 |       0 |      52 |   0.0 |       0 |      18 |   0.0 |   626
           D:3 |       0 |     129 |   0.0 |       0 |      22 |   0.0 |  1277
           D:4 |       0 |     495 |   0.0 |       0 |      18 |   0.0 |  1608
           D:5 |       0 |     175 |   0.0 |       0 |       9 |   0.0 |   934
           D:6 |       0 |     633 |   0.0 |       0 |      23 |   0.0 |  1765
           D:7 |       0 |    1931 |   0.0 |       0 |      24 |   0.0 |  1461
           D:8 |       0 |     237 |   0.0 |       0 |       7 |   0.0 |   937
           D:9 |       0 |     573 |   0.0 |       0 |      12 |   0.0 |  1063
          D:10 |       0 |     470 |   0.0 |       0 |       9 |   0.0 |   143
               +---------+---------+-------+---------+---------+-------+---------
